Map: Flashback EE

Players

Edaindil

  • Race: Zerg Zerg
  • Spawn Location: 7:00

toliniku

  • Race: Protoss Protoss
  • Spawn Location: 7:00

awwwyea

  • Race: Protoss Protoss
  • Spawn Location: 7:00

TATORREA - Winner!

  • Race: Protoss Protoss
  • League: Gold
  • Spawn Location: 9:00

tigro - Winner!

  • Race: Terran Terran
  • League: Bronze
  • Spawn Location: 11:00

MrFercho - Winner!

  • Race: Zerg Zerg
  • League: Silver
  • Spawn Location: 11:00

VOD

Have the link to the VOD?

Description

Time

  • Played on: July 2, 2020, 9:32 p.m.
  • Length: 16:05
Show
View Real Time Build Order
Export as new Build Order

Edaindil Zerg 

Build Orders: Hatch First, Lurkers 

Get SALT Encoding   

  12  0:01  Drone  
  13  0:13  Overlord  
  13  0:16  Drone  
  14  0:33  Drone x2  
  16  0:52  Hatchery  
  16  0:55  Extractor  
  14  1:07  Drone  
  15  1:11  Spawning Pool  
  15  1:13  Drone  
  15  1:17  Drone  
  16  1:31  Drone x2  
  18  1:48  Drone  
  18  1:50  Overlord  
  19  2:03  Lair  
  19  2:12  Drone x2  
  19  2:14  Queen  
  23  2:25  Drone  
  23  2:26  Drone x2  
  23  2:27  Drone  
  27  2:33  Extractor  
  26  2:40  Drone  
  26  2:42  Drone  
  28  2:46  Drone  
  29  3:06  Spore Crawler  
  29  3:07  Spore Crawler  
  29  3:11  Hatchery  
  26  3:14  Queen  
  26  3:16  Overlord  
  26  3:17  Drone  
  26  3:18  Spire  
  28  3:22  Drone x2  
  30  3:28  Drone x2  
  32  3:42  Drone x3  
  32  3:45  Drone x2  
  32  3:48  Queen  
  37  3:53  Drone x2  
  41  4:01  Extractor  
  40  4:03  Drone x2  
  40  4:07  Extractor  
  41  4:13  Overlord x2  
  41  4:14  Overlord x3  
  41  4:23  Queen  
  43  4:32  Mutalisk x3  
  43  4:33  Mutalisk  
  51  4:39  Mutalisk  
  51  4:42  Overlord  
  51  4:43  Drone  
  51  4:44  Drone  
  55  4:50  Queen  
  57  4:58  Mutalisk  
  57  4:59  Overlord  
  59  5:01  Drone x4  
  59  5:04  Mutalisk  
  65  5:10  Overlord, Drone  
  66  5:14  Drone  
  66  5:17  Zerg Flyer Weapons Level 1  
  67  5:31  Mutalisk  
  67  5:32  Drone x5  
  67  5:33  Drone x3  
  67  5:34  Drone  
  67  5:35  Extractor  
  77  5:39  Extractor, Overlord  
  76  5:42  Mutalisk  
  78  5:50  Zergling x4  
  78  5:51  Zergling x6  
  78  5:53  Metabolic Boost  
  78  5:55  Mutalisk  
  82  6:06  Queen  
  84  6:13  Mutalisk  
  84  6:14  Mutalisk  
  84  6:15  Drone x3  
  84  6:16  Drone x4  
  91  6:32  Mutalisk x2  
  89  6:45  Mutalisk  
  92  6:47  Zergling x6  
  94  6:58  Zergling x4  
  94  6:59  Zergling x12  
  102  7:09  Drone  
  103  7:16  Evolution Chamber  
  103  7:18  Evolution Chamber  
  103  7:19  Hydralisk Den  
  103  7:20  Hatchery  
  103  7:21  Drone x7  
  103  7:22  Evolution Chamber, Drone x2  
  107  7:54  Muscular Augments  
  107  7:55  Zerg Melee Weapons Level 1  
  107  7:56  Zerg Ground Armor Level 1, Hydralisk x3, Zerg Missile Weapons Level 1  
  113  7:59  Hatchery  
  112  8:10  Drone x2  
  112  8:11  Overlord  
  112  8:12  Overlord x7  
  114  8:13  Overlord x3  
  114  8:17  Spore Crawler  
  107  8:52  Infestation Pit  
  103  8:57  Pneumatized Carapace  
  103  8:59  Burrow  
  103  9:05  Grooved Spines  
  103  9:08  Hatchery  
  102  9:20  Queen  
  104  9:29  Hive  
  104  9:35  Lurker Den  
  103  9:38  Drone x2, Spore Crawler  
  103  9:39  Spine Crawler, Drone  
  103  9:40  Drone x4  
  103  9:42  Drone x4  
  103  9:43  Drone x5  
  117  10:05  Extractor  
  116  10:07  Extractor  
  115  10:16  Zerg Missile Weapons Level 2, Zerg Ground Armor Level 2, Zerg Melee Weapons Level 2  
  115  10:23  Neural Parasite  
  115  10:25  Drone x3  
  115  10:26  Queen  
  120  10:35  Extractor  
  119  10:46  Seismic Spines, Baneling Nest  
  119  10:47  Hydralisk x2  
  119  10:48  Hydralisk x3  
  119  10:49  Zergling x12, Hydralisk x3  
  136  10:50  Zergling x6, Hydralisk x5  
  136  10:51  Zergling x10, Hydralisk x3  
  164  11:04  Hydralisk x5  
  164  11:05  Zergling x6  
  177  11:30  Centrifical Hooks  
  177  11:33  Baneling, Ultralisk Cavern  
  177  11:34  Baneling x6  
  177  11:35  Baneling x6  
  177  11:36  Baneling x6  
  177  11:37  Baneling x5  
  177  11:38  Baneling x6  
  177  11:39  Baneling x6  
  176  11:40  Baneling x3  
  176  11:42  Pathogen Glands  
  176  11:43  Adaptive Talons  
  176  12:02  Extractor  
  175  12:09  Zergling x4  
  175  12:10  Zergling x12  
  175  12:11  Zergling x6  
  186  12:15  Baneling x2  
  186  12:16  Baneling x7  
  186  12:17  Baneling  
  186  12:19  Hydralisk x4  
  186  12:20  Hydralisk x2  
  186  12:21  Zergling x2  
  199  12:39  Zerg Missile Weapons Level 3, Zerg Melee Weapons Level 3, Zerg Ground Armor Level 3  
  199  12:58  Queen x2  
  199  13:02  Baneling x4  
  199  13:03  Baneling x7  
  199  13:04  Baneling x7  
  199  13:05  Baneling x6  
  199  13:20  Spore Crawler  
  199  13:23  Spine Crawler  
  199  13:24  Spore Crawler  
  196  13:47  Drone x3  
  199  13:59  Hatchery  
  187  14:28  Hatchery  
  161  14:53  Lurker x7  
  161  14:54  Lurker x6  
  161  14:55  Lurker x7  
  161  14:56  Lurker x8  
  161  14:57  Lurker x2  
  161  14:58  Hydralisk x4  
Show
View Real Time Build Order
Export as new Build Order

toliniku Protoss 

Build Orders: 1 Gate Expand 

Get SALT Encoding   

  12  0:01  Probe  
  13  0:13  Probe  
  14  0:19  Pylon  
  14  0:25  Probe  
  15  0:37  Probe  
  16  0:43  Gateway  
  16  0:47  Assimilator  
  16  0:51  Probe  
  17  1:03  Probe  
  18  1:15  Probe  
  19  1:28  Probe  
  20  1:33  Cybernetics Core  
  20  1:40  Probe  
  20  1:42  Nexus  
  21  1:52  Probe  
  22  2:04  Assimilator, Probe  
  22  2:06  Gateway  
  23  2:16  Warp Gate  
  22  2:31  Pylon  
  22  2:40  Stalker  
  24  3:00  Pylon, Probe  
  25  3:07  Stalker  
  25  3:08  Forge  
  25  3:10  Stalker, Probe  
  25  3:12  Probe  
  31  3:22  Probe  
  31  3:24  Probe  
  33  3:27  Shield Battery  
  33  3:34  Probe  
  33  3:36  Probe  
  35  3:48  Probe  
  36  3:49  Probe  
  36  3:50  Twilight Council  
  36  3:51  Protoss Ground Weapons Level 1  
  37  3:57  Gateway  
  37  4:00  Probe  
  38  4:06  Probe  
  39  4:13  Probe  
  39  4:15  Pylon  
  40  4:21  Probe  
  41  4:25  Probe  
  42  4:33  Probe  
  42  4:37  Photon Cannon, Probe  
  44  4:41  Assimilator  
  44  4:45  Probe  
  45  4:48  Assimilator  
  45  4:49  Probe  
  46  4:57  Probe  
  46  4:59  Blink  
  47  5:01  Probe  
  48  5:09  Probe  
  48  5:10  Stalker x3  
  48  5:13  Probe  
  56  5:21  Probe  
  56  5:25  Probe  
  56  5:27  Robotics Facility  
  58  5:33  Probe  
  59  5:37  Probe  
  59  5:41  Gateway x2  
  60  5:45  Probe  
  60  5:49  Probe  
  60  5:50  Protoss Ground Armor Level 1  
  60  5:51  Shield Battery  
  60  5:54  Shield Battery  
  56  6:10  Probe x2  
  58  6:13  Zealot x2  
  62  6:35  Gateway  
  62  6:41  Pylon x2  
  62  6:42  Nexus  
  62  6:45  Pylon  
  62  6:54  Pylon  
  62  6:59  Immortal, Probe x2  
  68  7:01  Stalker  
  68  7:02  Stalker x2  
  74  7:09  Shield Battery  
  74  7:11  Shield Battery  
  74  7:12  Pylon  
  74  7:16  Photon Cannon  
  74  7:20  Assimilator, Probe x2  
  76  7:29  Immortal  
  76  7:30  Shield Battery  
  76  7:32  Probe  
  76  7:33  Probe  
  76  7:36  Pylon  
  78  7:37  Stalker  
  78  7:38  Assimilator  
  84  7:48  Protoss Ground Weapons Level 2  
  84  7:55  Stalker x4  
  92  8:06  Robotics Facility  
  92  8:07  Pylon  
  92  8:11  Zealot  
  94  8:13  Forge, Probe x2  
  96  8:29  Pylon  
  96  8:36  Zealot x6  
  108  8:46  Immortal  
  112  8:59  Templar Archives, Protoss Shields Level 1  
  112  9:01  Pylon  
  106  9:20  Robotics Bay  
  94  9:34  Zealot x5  
  94  9:35  Zealot  
  94  9:36  Probe x3  
  109  9:51  Immortal  
  113  9:55  Nexus  
  113  9:57  Pylon  
  113  9:59  Extended Thermal Lance  
  113  10:00  Pylon  
  113  10:02  Assimilator  
  113  10:06  Assimilator  
  113  10:07  Stalker x4  
  115  10:10  Pylon  
  115  10:12  Pylon, Protoss Ground Armor Level 2  
  115  10:13  Psionic Storm  
  119  10:22  Zealot x2  
  89  10:57  Shield Battery  
  89  10:59  Photon Cannon  
  89  11:04  Pylon  
  89  11:05  Pylon  
  89  11:08  Photon Cannon, Probe x3  
  88  11:11  Zealot x3  
  88  11:12  Photon Cannon, Zealot x3  
  88  11:14  Immortal  
  102  11:23  Protoss Shields Level 2  
  102  11:34  Zealot x5  
  102  11:35  Zealot  
  102  11:37  Colossus  
  120  11:54  Observer  
  121  11:58  High Templar  
  121  11:59  High Templar x4  
  121  12:00  Gateway  
  131  12:15  Observer  
  132  12:19  High Templar  
  134  12:22  Nexus  
  134  12:30  Probe x3  
  134  12:33  Probe  
  134  12:35  Protoss Ground Weapons Level 3  
  138  12:37  Stalker x2  
  138  12:38  Stalker x3  
  138  12:42  Probe x2  
  138  12:43  Pylon  
  150  12:45  Pylon  
  150  12:52  Immortal  
  150  12:55  Colossus  
  160  13:05  High Templar x7  
  170  13:12  Archon  
  174  13:14  Archon x4  
  174  13:15  Archon  
  174  13:28  Probe x4  
  174  13:31  Assimilator  
  178  13:35  Assimilator  
  178  13:39  Pylon  
  178  13:41  Pylon  
  178  13:42  High Templar x6  
  152  14:03  Zealot  
  152  14:08  Archon  
  122  14:25  Stalker x2  
  122  14:26  Stalker x5  
  136  14:32  Observer x2  
  138  14:42  Probe x2  
  140  14:46  Gateway  
  140  14:49  Gateway  
  140  14:50  Pylon  
  140  14:53  Observer x2  
Show
View Real Time Build Order
Export as new Build Order

awwwyea Protoss 

Build Orders: 1 Gate Expand, Oracle Opening 

Get SALT Encoding   

  12  0:01  Probe  
  13  0:13  Probe  
  14  0:19  Pylon  
  14  0:25  Probe  
  15  0:30  Assimilator  
  15  0:33  Probe  
  15  0:41  Probe  
  16  0:48  Gateway  
  17  0:54  Probe  
  18  1:06  Probe  
  19  1:18  Probe  
  20  1:30  Nexus  
  20  1:34  Probe  
  20  1:38  Cybernetics Core  
  21  1:43  Assimilator  
  21  1:48  Probe  
  22  1:56  Pylon  
  22  2:02  Probe  
  23  2:17  Probe, Stargate  
  23  2:18  Stalker  
  26  2:31  Probe  
  26  2:33  Warp Gate  
  27  2:39  Probe  
  27  2:41  Probe  
  28  2:49  Probe  
  29  2:51  Oracle  
  29  2:53  Probe  
  34  3:12  Shield Battery  
  34  3:18  Probe x2  
  36  3:21  Pylon  
  36  3:24  Oracle  
  36  3:30  Probe x2  
  41  3:41  Gateway  
  41  3:42  Probe x2  
  41  3:43  Assimilator  
  43  3:54  Probe  
  43  3:55  Probe  
  45  3:59  Twilight Council, Forge  
  45  4:03  Pylon  
  45  4:07  Probe x2  
  47  4:18  Shield Battery  
  47  4:19  Probe x2  
  47  4:21  Pylon  
  49  4:31  Probe  
  50  4:49  Protoss Ground Weapons Level 1  
  50  4:52  Blink  
  50  4:56  Stalker  
  50  4:57  Stalker  
  50  4:58  Probe x2  
  56  5:00  Assimilator  
  56  5:05  Gateway  
  56  5:06  Gateway  
  56  5:08  Gateway  
  56  5:10  Probe  
  57  5:19  Photon Cannon  
  57  5:21  Nexus  
  57  5:36  Stalker  
  57  5:37  Stalker  
  61  5:52  Gateway  
  61  5:57  Gateway  
  61  5:58  Pylon  
  61  6:09  Stalker x4  
  69  6:40  Stalker x2  
  69  6:41  Stalker x3  
  69  6:42  Probe  
  69  6:43  Probe x2  
  69  6:45  Pylon  
  82  6:48  Pylon  
  82  6:51  Assimilator  
  82  6:52  Forge  
  82  6:53  Forge  
  82  6:55  Assimilator, Probe x3  
  82  6:56  Pylon  
  82  6:57  Pylon  
  85  7:30  Protoss Ground Armor Level 1, Protoss Shields Level 1, Protoss Ground Weapons Level 2  
  82  7:39  Stalker x2  
  82  7:40  Stalker x5  
  82  7:43  Charge  
  91  7:57  Probe x3  
  94  8:07  Stalker x3  
  94  8:09  Pylon, Probe x3, Nexus  
  94  8:12  Pylon  
  103  8:18  Robotics Facility  
  103  8:21  Probe x3  
  106  8:33  Probe  
  107  8:43  Photon Cannon  
  107  8:46  Photon Cannon  
  107  8:57  Stalker x2  
  107  8:58  Stalker x5, Photon Cannon  
  107  8:59  Photon Cannon  
  121  9:05  Observer  
  121  9:13  Photon Cannon  
  121  9:16  Photon Cannon  
  122  9:23  Observer  
  123  9:34  Stalker x3  
  123  9:35  Stalker x4  
  127  10:10  Stalker x6  
  127  10:11  Stalker  
  138  10:30  Protoss Ground Weapons Level 3  
  138  10:38  Protoss Shields Level 2, Protoss Ground Armor Level 2  
  133  10:58  Stalker x6  
  133  10:59  Stalker  
  143  11:28  Probe x4  
  143  11:29  Observer  
  148  11:40  Probe  
  149  11:48  Observer  
  150  11:57  Gateway, Nexus  
  150  11:59  Gateway  
  150  12:00  Pylon  
  150  12:01  Gateway  
  150  12:02  Assimilator  
  150  12:06  Gateway, Assimilator  
  150  12:07  Gateway  
  150  12:09  Gateway, Pylon  
  150  12:15  Gateway  
  150  12:16  Gateway  
  150  12:17  Gateway  
  150  12:18  Gateway  
  150  12:19  Gateway  
  150  12:20  Gateway  
  150  12:21  Gateway  
  150  12:22  Gateway  
  150  12:25  Gateway  
  150  12:27  Gateway  
  150  12:30  Gateway  
  150  12:34  Gateway  
  150  12:42  Gateway  
  150  12:47  Gateway  
  150  12:51  Gateway x2  
  150  12:54  Protoss Shields Level 3, Gateway, Protoss Ground Armor Level 3, Templar Archives  
  150  12:55  Gateway  
  150  12:59  Gateway, Pylon  
  150  13:00  Gateway  
  150  13:02  Gateway  
  150  13:04  Gateway  
  150  13:05  Gateway  
  150  13:07  Probe  
  150  13:08  Probe x2  
  150  13:11  Gateway  
  153  13:14  Gateway  
  153  14:03  Gateway  
  153  14:10  Gateway  
  153  14:12  Gateway  
  153  14:14  Gateway  
  153  14:18  Gateway  
  135  14:30  Gateway  
  113  14:31  Gateway  
  113  14:33  Gateway  
  113  14:34  Gateway  
  109  14:44  Gateway  
Show
View Real Time Build Order
Export as new Build Order

TATORREA Protoss - Winner!

Build Orders:  

Get SALT Encoding   

  12  0:01  Probe  
  13  0:13  Probe  
  14  0:25  Probe  
  14  0:27  Pylon  
  15  0:45  Probe  
  15  0:49  Gateway  
  16  0:57  Probe  
  17  1:07  Assimilator  
  17  1:09  Probe  
  17  1:10  Pylon  
  18  1:21  Probe  
  19  1:33  Probe  
  20  1:45  Probe  
  21  1:51  Cybernetics Core  
  21  1:54  Probe  
  22  2:02  Probe  
  22  2:06  Pylon  
  23  2:11  Probe  
  24  2:24  Nexus  
  24  2:26  Probe  
  24  2:27  Pylon  
  25  2:42  Probe  
  26  2:45  Warp Gate  
  26  2:47  Stalker  
  28  2:55  Assimilator  
  28  3:06  Probe  
  29  3:17  Stalker  
  29  3:18  Probe  
  32  3:26  Probe  
  33  3:34  Probe  
  33  3:38  Stargate  
  33  3:40  Gateway, Probe  
  35  3:41  Gateway  
  35  3:47  Sentry  
  35  3:48  Probe  
  38  3:52  Probe  
  38  3:53  Assimilator  
  39  4:00  Probe  
  40  4:05  Probe  
  41  4:12  Probe  
  41  4:17  Probe  
  43  4:19  Stargate  
  42  4:24  Probe  
  42  4:29  Probe  
  29  4:41  Probe  
  29  4:42  Probe  
  31  4:49  Stalker x2  
  35  5:07  Cybernetics Core  
  35  5:09  Probe x2  
  37  5:21  Probe x2  
  39  5:33  Probe x2  
  41  5:36  Forge  
  41  5:45  Probe x2  
  43  5:53  Pylon  
  43  5:57  Stalker, Probe x2  
  43  5:58  Stalker x2  
  51  6:10  Probe x2  
  53  6:19  Assimilator  
  53  6:22  Probe x2, Phoenix  
  55  6:34  Probe  
  55  6:37  Phoenix  
  58  6:40  Probe  
  58  6:46  Probe  
  60  6:48  Phoenix  
  62  6:58  Probe x2  
  64  7:07  Phoenix  
  66  7:13  Phoenix  
  68  7:17  Photon Cannon  
  68  7:21  Photon Cannon  
  68  7:22  Photon Cannon  
  68  7:24  Photon Cannon  
  68  7:25  Shield Battery  
  68  7:26  Shield Battery  
  68  7:29  Probe  
  68  7:31  Probe  
  64  7:41  Probe  
  64  7:43  Probe  
  66  7:44  Phoenix x2  
  70  7:51  Fleet Beacon  
  70  8:17  Pylon  
  70  8:20  Pylon  
  70  8:23  Pylon, Protoss Ground Weapons Level 1  
  70  8:25  Nexus  
  70  8:27  Pylon  
  70  8:32  Anion Pulse-Crystals  
  70  8:35  Phoenix x2, Probe x2  
  76  8:47  Probe  
  78  8:48  Probe  
  78  8:59  Probe  
  78  9:00  Probe  
  80  9:07  Robotics Facility  
  80  9:11  Probe  
  80  9:12  Probe  
  82  9:23  Probe  
  83  9:24  Probe  
  83  9:29  Gateway x2  
  84  9:35  Probe  
  84  9:36  Stalker x3  
  84  9:37  Probe  
  84  9:38  Probe  
  93  9:42  Void Ray x2  
  101  9:47  Probe  
  101  9:49  Probe  
  101  9:50  Probe  
  86  10:02  Protoss Air Weapons Level 1  
  76  10:10  Stalker  
  76  10:11  Stalker x2  
  66  10:25  Void Ray  
  64  10:50  Stalker x2  
  68  11:11  Void Ray  
  68  11:12  Void Ray  
  76  11:20  Assimilator  
  76  11:21  Assimilator  
  76  11:44  Gateway  
  76  11:48  Gateway  
  76  11:49  Gateway  
  76  11:50  Gateway x2  
  76  11:53  Twilight Council, Gateway  
  76  11:55  Stalker x2  
  76  11:57  Immortal  
  84  12:02  Phoenix x2  
  88  12:11  Unknown  
  88  12:16  Protoss Air Weapons Level 2  
  88  12:25  Protoss Ground Armor Level 1  
  88  12:30  Phoenix  
  88  12:35  Phoenix  
  92  12:46  Stalker x3  
  98  13:35  Nexus  
  98  13:38  Pylon  
  98  13:39  Pylon  
  98  13:40  Phoenix  
  100  13:41  Pylon  
  100  13:49  Phoenix  
  100  13:54  Pylon  
  99  14:00  Pylon  
  99  14:07  Pylon  
  97  14:10  Pylon  
  97  14:13  Pylon  
  97  14:19  Pylon  
  59  14:36  Stalker x3  
  59  14:37  Stalker x3  
  59  14:38  Stalker x2  
Show
View Real Time Build Order
Export as new Build Order

tigro Terran - Winner!

Build Orders:  

Get SALT Encoding   

  12  0:02  SCV  
  13  0:14  SCV  
  14  0:26  SCV  
  15  0:35  Supply Depot  
  15  0:42  Refinery  
  15  0:56  SCV  
  16  0:59  Refinery  
  16  1:08  SCV  
  17  1:16  Barracks  
  17  2:04  Marine  
  17  2:05  Barracks  
  17  2:06  Supply Depot  
  17  2:07  SCV  
  19  2:19  SCV  
  19  2:22  Marine  
  21  2:31  SCV  
  22  2:40  Marine  
  22  2:43  SCV  
  24  2:55  Barracks Reactor, SCV  
  24  2:58  Marine  
  26  3:02  Factory  
  26  3:03  Engineering Bay  
  26  3:10  SCV  
  27  3:16  Marine  
  28  3:22  SCV  
  29  3:52  Command Center  
  29  3:55  Refinery  
  29  3:58  Marine  
  29  3:59  Barracks Tech Lab, Marine  
  31  4:04  Terran Infantry Weapons Level 1  
  31  4:08  Factory Tech Lab  
  31  4:21  Orbital Command  
  31  4:35  Marine  
  31  4:43  Marine  
  30  4:53  Marine  
  31  5:20  Marine x2  
  33  5:32  Combat Shield  
  33  5:37  Siege Tank  
  33  5:38  Marine  
  37  5:56  Refinery  
  37  5:58  Terran Infantry Armor Level 1  
  37  6:09  Siege Tank  
  40  6:17  Starport  
  40  6:18  Marine  
  40  6:19  Marine x2  
  43  6:36  Marine  
  43  6:37  Marine x2  
  46  6:41  Siege Tank  
  49  6:51  Stimpack  
  49  6:54  Marine x3  
  49  6:57  SCV  
  53  7:09  Starport, SCV  
  53  7:15  Medivac, Marine x3  
  59  7:21  SCV  
  60  7:33  Marine, SCV  
  62  7:52  Hi-Sec Auto Tracking  
  62  8:01  Supply Depot  
  62  8:22  Marine x3, SCV  
  62  8:25  Supply Depot  
  66  8:30  Starport Tech Lab  
  66  8:32  Starport Tech Lab  
  66  8:40  Marine x3  
  69  8:44  Fusion Core  
  69  8:47  Supply Depot  
  69  8:49  Neosteel Armor  
  69  8:58  Marine x3  
  72  9:16  Marine x3  
  72  9:19  Missile Turret  
  45  9:33  Marine x3  
  45  9:35  Armory  
  45  9:38  Missile Turret  
  45  9:44  SCV  
  46  9:51  Marine x3  
  43  9:56  SCV  
  43  9:59  Missile Turret  
  35  10:09  Marine x3  
  38  10:18  Planetary Fortress  
  35  10:27  Marine x3  
  38  10:29  Terran Infantry Weapons Level 2  
  38  10:30  Missile Turret  
  30  10:45  Marine x3  
  29  11:00  SCV  
  29  11:02  Marine x3  
  33  11:12  SCV  
  34  11:20  Marine x3  
  34  11:25  SCV  
  38  11:37  SCV  
  38  11:38  Marine x3  
  42  11:43  Refinery  
  42  11:49  SCV  
  42  11:53  Medivac  
  45  11:56  Marine x3  
  45  12:01  SCV  
  49  12:13  SCV  
  49  12:14  Marine x3  
  53  12:24  Terran Vehicle Weapons Level 1  
  53  12:25  SCV  
  54  12:31  Marine x3  
  57  12:42  SCV  
  58  12:45  Terran Infantry Armor Level 2  
  58  12:54  SCV, Siege Tank  
  62  13:06  SCV, Weapon Refit  
  63  13:18  SCV  
  64  13:26  Siege Tank  
  67  13:30  SCV  
  55  13:58  Siege Tank  
  55  13:59  Marine  
  55  14:00  Marine x2  
  48  14:16  Medivac x2  
  52  14:17  Marine  
  52  14:18  Marine x2  
  31  14:35  Marine x3  
  34  14:51  Battlecruiser x2  
  45  14:53  Marine x3  
  48  15:11  Marine x3  
  38  15:28  Marine  
  38  15:29  Marine x2  
  41  15:46  Marine  
  41  15:47  Marine x2  
Show
View Real Time Build Order
Export as new Build Order

MrFercho Zerg - Winner!

Build Orders: Pool First, Lurkers 

Get SALT Encoding   

  12  0:01  Drone  
  13  0:08  Drone  
  14  0:21  Overlord  
  14  0:28  Extractor  
  14  0:30  Extractor  
  14  0:31  Drone x2  
  16  0:39  Drone  
  17  0:46  Extractor  
  16  0:52  Overlord  
  16  0:59  Spawning Pool  
  16  1:02  Drone  
  16  1:13  Drone  
  17  1:37  Drone x2  
  19  1:47  Zergling x2  
  19  1:49  Drone  
  21  1:54  Metabolic Boost  
  21  2:00  Zergling x2  
  22  2:05  Extractor  
  21  2:16  Drone  
  22  2:25  Drone  
  23  2:39  Hatchery  
  22  2:46  Drone x2  
  22  2:50  Evolution Chamber  
  23  2:52  Roach Warren  
  23  2:56  Drone  
  23  3:19  Zerg Melee Weapons Level 1  
  23  3:23  Zergling x4  
  25  3:30  Zergling x2  
  25  3:32  Queen  
  29  3:41  Drone  
  29  3:46  Hatchery  
  28  3:50  Overlord  
  28  3:52  Drone  
  29  4:04  Drone  
  29  4:06  Drone  
  31  4:14  Drone x2  
  33  4:20  Drone  
  33  4:23  Drone  
  35  4:25  Queen  
  37  4:31  Spore Crawler  
  37  4:35  Spore Crawler x2  
  34  4:50  Zergling x14  
  41  5:00  Drone  
  41  5:03  Queen  
  44  5:15  Roach  
  44  5:16  Roach x2  
  50  5:26  Overlord  
  50  5:27  Overlord x2  
  47  6:06  Lair  
  42  6:24  Zergling x28  
  45  6:47  Drone  
  45  6:48  Drone x3  
  45  6:50  Drone  
  45  6:51  Drone x2  
  46  7:11  Zerg Missile Weapons Level 1  
  46  7:16  Spire  
  46  7:21  Hydralisk Den  
  42  7:29  Spore Crawler  
  41  7:31  Spore Crawler  
  41  7:34  Spore Crawler  
  41  7:35  Drone x6  
  36  7:58  Drone x6  
  42  8:14  Drone  
  42  8:15  Drone  
  42  8:17  Queen  
  46  8:22  Grooved Spines  
  46  8:24  Hydralisk x2  
  50  8:30  Corruptor  
  50  8:31  Corruptor x2  
  56  8:36  Extractor, Drone  
  56  8:38  Extractor  
  55  8:43  Drone  
  55  8:45  Hatchery  
  42  8:57  Drone x5  
  42  8:58  Drone  
  48  9:20  Drone x2  
  48  9:21  Drone  
  51  9:26  Infestation Pit  
  51  9:27  Drone  
  51  9:29  Drone x4  
  55  9:34  Muscular Augments  
  55  9:38  Drone x2  
  57  9:53  Zerg Missile Weapons Level 2  
  57  9:59  Evolution Chamber  
  56  10:00  Mutalisk  
  56  10:01  Mutalisk x3  
  63  10:13  Zergling x16  
  71  10:25  Hive  
  71  10:27  Zergling x2, Mutalisk x3  
  74  10:29  Overlord  
  68  10:49  Hydralisk x6  
  67  11:23  Hydralisk  
  67  11:24  Hydralisk x6  
  81  11:32  Lurker Den  
  80  11:42  Hatchery  
  80  11:44  Overlord x4  
  79  11:52  Pneumatized Carapace  
  79  11:54  Hydralisk  
  79  11:57  Overlord x2  
  81  12:23  Spore Crawler  
  80  12:30  Lurker x6  
  80  12:35  Adaptive Talons  
  86  12:38  Zerg Flyer Weapons Level 1  
  86  12:41  Hydralisk  
  86  12:42  Hydralisk x13  
  114  13:00  Drone x7  
  114  13:03  Drone  
  122  13:25  Drone x5  
  122  13:26  Drone x2  
  129  13:30  Extractor  
  129  13:32  Seismic Spines  
  129  13:33  Extractor  
  129  13:34  Drone x2  
  69  14:28  Hydralisk  
  69  14:29  Hydralisk x8  
  70  14:55  Hydralisk x6  
  82  15:12  Hatchery  
  81  15:15  Hatchery, Hydralisk x9  
Tags
 
Add a new tag
Caveats
  • Supply blocks, unpowered buildings, or Contaminate may cause inaccurate times.
  • Supply counts are checked every 10 seconds.